 Dungeon Crawl Stone Soup version 0.17.1-1-g73c8601 (webtiles) character file.

11246 lucasterio the Basher (level 11, -5/75 HPs)
             Began as a Demonspawn Berserker on Dec 13, 2015.
             Was a High Priest of Trog.
             Killed by divine providence
             ... invoked by an orc priest
              (16 damage)
             ... on level 11 of the Dungeon.
             The game lasted 00:36:35 (13124 turns).

lucasterio the Basher (Demonspawn Berserker)       Turns: 13124, Time: 00:36:39

Health: -5/75      AC: 25    Str: 24    XL:     11   Next: 46%
Magic:  11/11      EV:  8    Int:  9    God:    Trog [*****.]
Gold:   422        SH:  0    Dex: 12    Spells: 0 memorised, 10 levels left

rFire  . . .     SeeInvis .     U - +3 mace (protect)
rCold  . . .     Clarity  .     o - +0 chain mail
rNeg   . . .     SustAt   .     (no shield)
rPois  .         Gourm    .     h - +1 hat
rElec  .         Spirit   .     (no cloak)
rCorr  .         Warding  .     D - +2 pair of gloves {Str+3}
rMut   .         Stasis   .     s - +0 pair of boots
MR     .....                    (no amulet)
Stlth  ..........               (no ring)
                                (no ring)

@: exhausted, manticore barbs, slowed, very slow, not resistant to hostile
enchantments, extremely unstealthy
A: antennae 1, molten scales 2, demonic guardian 2, nightstalker 2
a: Berserk, Trog's Hand, Brothers in Arms, Burn Spellbooks, Renounce Religion


You were on level 11 of the Dungeon.
You worshipped Trog.
Trog was extremely pleased with you.
You were not hungry.

You visited 1 branch of the dungeon, and saw 11 of its levels.
You also visited: Sewer.

You collected 636 gold pieces.
You spent 214 gold pieces at shops.

Inventory:

Hand Weapons
 r - a +2 mace of venom
 u - a +0 shortbow
 P - a +3 antimagic mace
 U - a +3 mace of protection (weapon)
Missiles
 e - 157 arrows
 Q - 4 tomahawks of returning (quivered)
Armour
 h - a +1 hat (worn)
 o - a +0 chain mail (worn)
 s - a +0 pair of boots (worn)
 D - a +2 pair of gloves of strength (worn)
 J - a troll hide
 X - a cursed +0 plate armour
Jewellery
 B - a cursed ring of loudness {unknown}
Wands
 y - a wand of magic darts (19)
 K - a wand of lightning (3)
 T - a wand of lightning (11)
 Y - a wand of cold (7)
Scrolls
 a - 2 scrolls of remove curse
 b - a scroll of random uselessness
 d - 3 scrolls of noise
 i - a scroll of fog
 l - 6 scrolls of immolation
 n - 4 scrolls of teleportation
 q - 2 scrolls of enchant weapon {unknown}
 x - 3 scrolls of blinking
 A - a scroll of enchant armour
 C - 3 scrolls of recharging
 O - a scroll of acquirement {unknown}
 S - a scroll of amnesia {unknown}
 W - a scroll of identify
Potions
 g - 7 potions of heal wounds
 j - 3 potions of agility {unknown}
 k - 3 potions of haste {unknown}
 m - a potion of resistance
 p - 3 potions of lignification {unknown}
 t - a potion of magic
 v - 5 potions of curing {unknown}
 z - 3 potions of berserk rage
 E - a potion of ambrosia
 F - 4 potions of cancellation {unknown}
 G - 3 potions of might
 I - 2 potions of flight {unknown}
 L - 2 potions of poison {unknown}
 M - 2 potions of degeneration
Books
 H - a book of Party Tricks

   Spells                             Type                      Level
   a - Summon Butterflies             Summoning                    1
   b - Apportation                    Translocation                1
   c - Tukima's Dance                 Hexes                        3
   d - Alistair's Intoxication        Transmutation/Poison         4
   e - Invisibility                   Hexes                        6
   Trog disapproves of the use of such an item.
Miscellaneous
 f - a plain deck of defence
 N - a plain deck of escape
 V - a lantern of shadows
Comestibles
 c - 11 bread rations
 w - 4 meat rations
 R - 2 beef jerkies


   Skills:
 - Level 3.0 Fighting
 * Level 13.5 Maces & Flails
 + Level 9.9 Armour
 - Level 1.7 Dodging


You had 10 spell levels left.
You didn't know any spells.

Dungeon Overview and Level Annotations

Branches:
Dungeon (11/15)            Temple (0/1) D:7            Lair (0/8) D:11
    Orc (0/4) D:11

Altars:
Dithmenos
Elyvilon
Kikubaaqudgha
Makhleb
Nemelex Xobeh
Vehumet
The Shining One

Shops:
D:4 [   D:8 :


Innate Abilities, Weirdness & Mutations

You have a pair of small antennae on your head.
You are mostly covered in molten scales (AC +3, EV -1).
A demonic guardian rushes to your aid.
You are significantly more attuned to the shadows.


Message History

You hit the manticore but do no damage.
The manticore is almost dead.
The orc hits you but does no damage. The manticore bites you!
* * * LOW HITPOINT WARNING * * *
The manticore claws you but does no damage. x2
The orc hits you but does no damage.
You hit the manticore but do no damage.
The manticore is almost dead.
The manticore bites you.
* * * LOW HITPOINT WARNING * * *
The manticore misses you. The manticore barely misses you.
The orc hits you but does no damage.
You thump the manticore!
You kill the manticore!
Trog accepts your kill. The orc hits you with a mace.
* * * LOW HITPOINT WARNING * * *
The orc priest mumbles some strange prayers to Beogh against you.
Something smites you!
You die...

..............####..#
.................)....#
..........####..))....###
..........# #..####.....
..........# #..# #.....
.o........# #..# #.....
....oo..o.# #..# #.....
...#####†o####..# #..... .
#@o......####..... #.. ..#
#................) #..# #..#
#..####........... #..# #..# #..#
#..####).... #..######..# #..#
#..# #..... #..........#
#..####..# #..<..
#..........#####........####.....
...######........................
...# #.........####...........


You could see an orc priest and 2 orcs.

Vanquished Creatures
  3 skeletal warriors (D:11)
  A hill giant (D:8)
  The ghost of asdu the Grappler, a novice TrWz of Cheibriados (D:9)
  A manticore (D:11)
  2 ugly things (D:11)
  A troll (D:9)
  The ghost of AAAAA the Conjurer, an amateur DsWz of Cheibriados (D:5)
  A hill giant zombie (D:11)
  A hungry ghost (D:11)
  A wraith (D:8)
  2 yaks
  A soldier ant (D:11)
  2 necrophages
  The ghost of dxctxrx the Sneak, an amateur VSAs of Ashenzari (D:3)
  An orc warrior (D:7)
  2 water moccasins (D:10)
  An ice beast (D:7)
  7 ogres
  A black bear (D:9)
  2 phantoms
  3 sky beasts
  2 big kobolds
  5 centaurs
  A crocodile (D:11)
  5 giant frogs
  A scorpion (D:11)
  Dowan (D:5)
  4 wights (D:11)
  A troll zombie (D:11)
  4 killer bees (D:11)
  7 crimson imps
  A quasit (D:10)
  A centaur zombie (D:8)
  12 orc wizards
  3 centaur skeletons
  A giant frog skeleton (D:9)
  8 hounds
  6 iguanas
  2 jellies
  6 orc priests
  A gnoll shaman (D:4)
  4 worker ants
  A killer bee zombie (D:5)
  6 ogre zombies (D:11)
  A hound skeleton (D:7)
  3 hound zombies
  A worker ant zombie (D:11)
  7 gnolls
  2 river rats (Sewer)
  13 adders
  An ooze (D:4)
  An adder skeleton (D:4)
  5 worms
  33 orcs
  4 ball pythons
  3 bats
  4 giant cockroaches
  12 goblins
  6 hobgoblins
  25 jackals
  5 quokkas
  11 giant geckos
  A giant gecko skeleton (D:5)
  2 giant newts
  3 goblin skeletons (D:11)
  A goblin zombie (D:11)
  2 hobgoblin skeletons (D:11)
  A hobgoblin zombie (D:11)
  A jackal skeleton (D:4)
  13 kobolds
  An orc skeleton (D:11)
  16 orc zombies (D:11)
  3 quokka zombies
  10 rats
310 creatures vanquished.

Vanquished Creatures (collateral kills)
  The ghost of Nicoed the Destroyer, a novice OpCj of Sif Muna (D:10)
  A hill giant (D:10)
  A troll (D:9)
  A two-headed ogre (D:9)
  A merfolk (D:9)
  A wyvern (D:9)
  6 yaks
  Duvessa (D:5)
  An orc warrior (D:11)
  A phantom (D:9)
  A centaur (D:9)
  A big kobold (Sewer)
  A giant frog (D:4)
  A scorpion (D:9)
  A centaur skeleton (D:9)
  An ooze (D:6)
  An orc (D:9)
22 creatures vanquished.

Vanquished Creatures (others)
  A plant (D:11)
1 creature vanquished.

Grand Total: 333 creatures vanquished

Notes
Turn   | Place    | Note
--------------------------------------------------------------
     0 | D:1      | lucasterio the Demonspawn Berserker began the quest for the Orb.
     0 | D:1      | Reached XP level 1. HP: 18/18 MP: 1/1
  1018 | D:2      | Gained mutation: You are partially covered in molten scales (AC +1). [demonic ancestry]
  1018 | D:2      | Reached XP level 2. HP: 24/24 MP: 2/2
  1176 | D:2      | Gained mutation: A weak demonic guardian rushes to your aid. [demonic ancestry]
  1176 | D:2      | Reached XP level 3. HP: 7/29 MP: 3/3
  1713 | D:2      | Reached ** piety under Trog
  1940 | D:3      | Gained mutation: You have a pair of small antennae on your head. [demonic ancestry]
  1940 | D:3      | Reached XP level 4. HP: 16/35 MP: 4/4
  2238 | D:3      | Reached skill level 4 in Maces & Flails
  2275 | D:3      | Found a shadowy altar of Dithmenos.
  2328 | D:3      | Noticed dxctxrx's ghost (amateur VSAs)
  2356 | D:3      | Killed dxctxrx's ghost
  2356 | D:3      | Reached XP level 5. HP: 24/41 MP: 5/5
  2525 | D:3      | Reached skill level 5 in Maces & Flails
  2793 | D:3      | Gained mutation: You are slightly more attuned to the shadows. [demonic ancestry]
  2793 | D:3      | Reached XP level 6. HP: 47/47 MP: 6/6
  3198 | D:4      | Found a burning altar of Makhleb.
  3198 | D:4      | Found a radiant altar of Vehumet.
  3242 | D:4      | Reached *** piety under Trog
  3425 | D:4      | Reached skill level 6 in Maces & Flails
  3432 | D:4      | Reached XP level 7. HP: 19/52 MP: 7/7
  3957 | D:4      | Found Oreocucet's Armour Emporium.
  3960 | D:4      | Bought a +1 pair of gloves of strength for 214 gold pieces
  4112 | D:5      | Entered Level 5 of the Dungeon
  4178 | D:5      | Noticed Duvessa
  4179 | D:5      | Noticed Dowan
  4187 | D:5      | Killed Dowan
  4189 | D:5      | Killed Duvessa
  4398 | D:5      | Noticed AAAAA's ghost (amateur DsWz)
  4421 | D:5      | Killed AAAAA's ghost
  4421 | D:5      | Reached skill level 7 in Maces & Flails
  4421 | D:5      | Reached skill level 5 in Armour
  4667 | D:5      | Gained mutation: You are significantly more attuned to the shadows. [demonic ancestry]
  4667 | D:5      | Reached XP level 8. HP: 26/58 MP: 8/8
  5161 | D:5      | Found a sparkling altar of Nemelex Xobeh.
  5395 | D:6      | Reached **** piety under Trog
  5430 | D:6      | Reached skill level 8 in Maces & Flails
  5467 | D:6      | Found a glowing drain.
  5496 | Sewer    | Entered a sewer
  5602 | Sewer    | Found a white marble altar of Elyvilon.
  6153 | D:6      | Found a sparkling altar of Nemelex Xobeh.
  6559 | D:7      | Reached skill level 9 in Maces & Flails
  6885 | D:7      | Gained mutation: A demonic guardian rushes to your aid. [demonic ancestry]
  6885 | D:7      | Reached XP level 9. HP: 42/63 MP: 9/9
  7307 | D:7      | Found a staircase to the Ecumenical Temple.
  7428 | D:8      | Reached ***** piety under Trog
  8030 | D:8      | Reached skill level 10 in Maces & Flails
  8426 | D:8      | Found Uruosmot's Book Shop.
  8709 | D:8      | Noticed a hill giant
  8718 | D:8      | Killed a hill giant
  8819 | D:9      | Found a glowing golden altar of the Shining One.
  8831 | D:9      | Found a white marble altar of Elyvilon.
  8971 | D:9      | Found an ancient bone altar of Kikubaaqudgha.
  9027 | D:9      | Noticed asdu's ghost (novice TrWz)
  9033 | D:9      | Reached skill level 11 in Maces & Flails
  9033 | D:9      | Reached XP level 10. HP: 64/69 MP: 10/10
  9041 | D:9      | Killed asdu's ghost
 10218 | D:9      | Reached skill level 12 in Maces & Flails
 10456 | D:10     | Entered Level 10 of the Dungeon
 10671 | D:10     | Received a gift from Trog
 10934 | D:10     | Noticed a hill giant
 10940 | D:10     | Killed a hill giant
 10989 | D:10     | Noticed Nicoed's ghost (novice OpCj)
 11005 | D:10     | Killed Nicoed's ghost
 11446 | D:11     | Gained mutation: You are mostly covered in molten scales (AC +3, EV -1). [demonic ancestry]
 11446 | D:11     | Reached XP level 11. HP: 32/74 MP: 11/11
 11590 | D:11     | Noticed a skeletal warrior
 11591 | D:11     | Noticed a skeletal warrior
 11592 | D:11     | Noticed a skeletal warrior
 11609 | D:11     | Killed a skeletal warrior
 11617 | D:11     | Killed a skeletal warrior
 11629 | D:11     | Killed a skeletal warrior
 11629 | D:11     | Reached skill level 13 in Maces & Flails
 12031 | D:11     | Noticed a red ugly thing
 12050 | D:11     | Killed a red ugly thing
 12791 | D:11     | Found a staircase to the Orcish Mines.
 12972 | D:11     | Found a white marble altar of Elyvilon.
 12982 | D:11     | Noticed a white ugly thing
 12988 | D:11     | Killed a white ugly thing
 13033 | D:11     | Found a staircase to the Lair.
 13120 | D:11     | HP: 1/74 [manticore (10)]
 13124 | D:11     | Killed from afar by an orc priest

Action                   |  1- 3 |  4- 6 |  7- 9 | 10-12 || total
-------------------------+-------+-------+-------+-------++-------
Melee: Mace              |   130 |   185 |   502 |   528 ||  1345
Invok: Berserk           |     1 |     1 |     4 |     8 ||    14
  Use: Scroll            |       |       |     6 |     9 ||    15
       Potion            |       |       |       |     1 ||     1
 Stab: Distracted        |       |       |     2 |     1 ||     3
  Eat: Chunk             |     4 |     6 |    17 |    11 ||    38
       Beef jerky        |       |       |     1 |       ||     1
       Meat ration       |       |       |     1 |     4 ||     5
